 Dungeon Crawl Stone Soup version 0.26.1-2-gb8aa6d0cf2 (webtiles) character file.

Game seed: 14157327116831834801

4917 UseAkschen the Ducker (level 10, -1/76 HPs)
             Began as a Demonspawn Venom Mage on Mar 14, 2021.
             Slain by an orc warrior
             ... wielding a +0 trident
             ... summoned by an orc warrior
              (11 damage)
             ... in a bailey on Mar 15, 2021.
             The game lasted 01:12:01 (13090 turns).

UseAkschen the Ducker (Demonspawn Venom Mage)      Turns: 13090, Time: 01:12:02

Health: -1/76      AC:  2    Str:  9    XL:     10   Next: 27%
Magic:  14/23      EV: 17    Int: 21    God:
Gold:   371        SH:  0    Dex: 16    Spells: 1/15 levels left

rFire    . . .     SeeInvis .     - Unarmed
rCold    + . .     Faith    .   (no shield)
rNeg     . . .     Spirit   .   a - +0 robe
rPois    .         Reflect  .   (no helmet)
rElec    .         Harm     .   (no cloak)
rCorr    .         Rampage  .   (gloves unavailable)
Will     .....                  (no boots)
Stlth    ++........             (no amulet)
HPRegen  0.22/turn              e - ring of magical power
MPRegen  0.18/turn              h - ring of protection from cold

@: very slightly contaminated
A: claws 3, foul stench 1, spiny 1, miasma immunity, big brain 2
a: no special abilities


You were in a bailey.
You visited 2 branches of the dungeon, and saw 9 of its levels.
You also visited: Bailey.

You collected 491 gold pieces.
You spent 120 gold pieces at shops.

Inventory:

Hand Weapons
 v - a +3 dagger of speed
 w - a +2 whip of flaming
Missiles
 b - 106 stones
 c - 9 boomerangs
 t - 31 poisoned darts
Armour
 a - a +0 robe (worn)
 q - a +0 pair of gloves
 z - a +2 tower shield of poison resistance
Jewellery
 e - a ring of magical power (left claw)
 h - a ring of protection from cold (right claw)
Wands
 n - a wand of flame (7)
 p - a wand of digging (13)
 u - a wand of random effects (20)
Scrolls
 f - 5 scrolls of remove curse
 g - 3 scrolls of enchant weapon
 s - 2 scrolls of amnesia
 y - a scroll of vulnerability {unknown}
 A - a scroll of teleportation
 B - a scroll of blinking
Potions
 d - a potion of ambrosia
 k - a potion of lignification
 m - a potion of brilliance
 o - 2 potions of mutation
 r - a potion of attraction
 x - 2 potions of might


   Skills:
 - Level 6.0 Fighting
 + Level 7.8 Dodging
 - Level 1.7 Stealth
 + Level 7.5 Unarmed Combat
 - Level 3.2 Spellcasting
 - Level 1.4 Conjurations
 - Level 0.8 Transmutations
 - Level 2.0 Air Magic
 - Level 6.8 Poison Magic


You had one spell level left.
You knew the following spells:

 Your Spells              Type           Power        Failure   Level
a - Sting                 Tmut/Pois      76%          2%          1
b - Poisonous Vapours     Pois/Air       42%          3%          2
c - Mephitic Cloud        Conj/Pois/Air  17%          10%         3
d - Ignite Poison         Fire/Tmut/Pois 14%          14%         3
e - Beastly Appendage     Tmut           12%          10%         1
f - Olgreb's Toxic Radia  Pois           32%          8%          4

Your spell library contained the following spells:

 Spells                   Type           Power        Failure   Level
 Spider Form              Tmut/Pois      9%           9%          3
 Wereblood                Tmut           6%           14%         2
 Ice Form                 Ice/Tmut       5%           73%         4
 Cause Fear               Hex            1%           78%         4
 Silence                  Hex/Air        3%           94%         5
 Blade Hands              Tmut           3%           95%         5
 Yara's Violent Unravell  Hex/Tmut       2%           97%         5
 Discord                  Hex            1%           100%        8


Dungeon Overview and Level Annotations

Branches:
Dungeon (8/15)             Temple (1/1) D:4          Bailey (1/1)
   Lair: D:8-11

Altars:
Ashenzari
Dithmenos
Elyvilon
Fedhas
Gozag
Hepliaklqana
Kikubaaqudgha
Nemelex Xobeh
Okawaru
Qazlal
Ru
Sif Muna
Trog
Xom
Yredelemnul

Shops:
D:7 *


Innate Abilities, Weirdness & Mutations

You have claws for hands.
You may emit foul miasma when damaged in melee.
You are partially covered in sharp spines.
You are immune to miasma.
You have an extremely huge brain. (Int +4)


Message History

The orc warrior unwields a +0 arbalest.
The orc warrior hits you!
* * * LOW HITPOINT WARNING * * *
Things that are here:
a +0 arbalest; a +0 ring mail; 21 bolts You scratch the orc warrior.
The orc warrior is severely wounded.
The orc warrior is struck by your spines.
The orc warrior completely misses you.
The orc warrior wields a +0 arbalest.
The orc warrior shoots a bolt.
The bolt barely misses you.
Press: ? - help, v - describe, . - travel, g - get item
Here: an orc warrior, wielding a +0 trident and wearing a +0 plate armour (summoned)
Items here: a +0 arbalest; a +0 ring mail; 21 bolts.
The floor, spattered with blood.
You feel better.
The orc warrior hits you from afar with a +0 trident!!
* * * LOW HITPOINT WARNING * * *
There is a gate leading back out of this place here.
The orc warrior hits you from afar with a +0 trident!
You die...

### ###### ##@##
######
##...).##(..##..o..#
#..≈≈≈..#..o#.o≈≈≈o.
#.≈≈)≈≈....oo.≈≈.≈≈.
+.≈.∩)≈...)(..≈)∩.≈o
#.≈≈)≈≈.......≈≈)≈≈.
#..≈≈≈..#...#..≈≈≈..
##.....##.∩.##.....#
###### ##∩## ######


You could see 2 orc warriors and an orc (summoned).

Vanquished Creatures
  Pikel (D:7)
  4 black bears
  9 orc warriors
  2 sky beasts
  3 phantoms
  4 ogres
  4 centaurs
  4 lemures
  4 bullfrogs
  2 scorpions
  9 killer bees
  7 howler monkeys
  A centaur zombie (D:6)
  8 orc priests
  A bullfrog skeleton (D:6)
  7 hounds
  2 jellies
  Ijyb (D:3)
  An iguana (D:8)
  6 orc wizards
  2 worker ants
  2 hound zombies (D:6)
  7 gnolls
  2 worker ant zombies
  A howler monkey skeleton (D:7)
  6 adders
  2 shadow imps
  2 white imps
  4 ufetubi
  3 adder zombies
  2 worms
  3 leopard geckos
  39 orcs
  4 bats
  4 giant cockroaches
  5 goblins
  3 hobgoblins
  10 jackals
  6 quokkas
  2 ball pythons
  3 frilled lizards
  A jackal skeleton (D:7)
  7 kobolds
  A quokka skeleton (D:4)
  5 rats
206 creatures vanquished.

Vanquished Creatures (others)
  5 fungi (D:8)
  5 plants (D:8)
10 creatures vanquished.

Grand Total: 216 creatures vanquished

Notes
Turn   | Place    | Note
-------+----------+-------------------------------------------
     0 | D:1      | UseAkschen the Demonspawn Venom Mage began the quest for
                  | the Orb.
     0 | D:1      | Reached XP level 1. HP: 13/13 MP: 3/3
   472 | D:1      | Gained mutation: You are immune to miasma. [demonic
                  | ancestry]
   472 | D:1      | Reached XP level 2. HP: 18/19 MP: 5/5
   722 | D:1      | Learned a level 2 spell: Poisonous Vapours
  1501 | D:2      | Reached XP level 3. HP: 13/24 MP: 6/6
  1770 | D:2      | Learned a level 3 spell: Mephitic Cloud
  2041 | D:2      | Reached skill level 1 in Conjurations
  2078 | D:2      | Gained mutation: You have sharp fingernails. [demonic
                  | ancestry]
  2078 | D:2      | Reached XP level 4. HP: 21/30 MP: 7/7
  2461 | D:2      | Found an iron altar of Okawaru.
  2807 | D:3      | Noticed Ijyb
  2816 | D:3      | Killed Ijyb
  2928 | D:3      | Reached skill level 1 in Air Magic
  3051 | D:3      | Gained mutation: You may emit foul miasma when damaged in
                  | melee. [demonic ancestry]
  3051 | D:3      | Reached XP level 5. HP: 35/35 MP: 8/8
  3296 | D:3      | Reached skill level 5 in Poison Magic
  3910 | D:4      | Noticed a phantom
  4032 | D:5      | Entered Level 5 of the Dungeon
  4462 | D:5      | Noticed an ogre
  4474 | D:4      | Gained mutation: You have an unusually large brain. (Int
                  | +2) [demonic ancestry]
  4474 | D:4      | Reached XP level 6. HP: 31/41 MP: 10/10
  4867 | D:4      | Found a staircase to the Ecumenical Temple.
  4876 | Temple   | Entered the Ecumenical Temple
  5344 | D:4      | Learned a level 3 spell: Ignite Poison
  5383 | D:4      | Gained mutation: You have very sharp fingernails. [demonic
                  | ancestry]
  5383 | D:4      | Reached XP level 7. HP: 46/46 MP: 11/11
  5665 | D:5      | Reached skill level 1 in Fighting
  6129 | D:5      | Reached skill level 1 in Unarmed Combat
  6193 | D:6      | Found a white marble altar of Elyvilon.
  8772 | D:6      | Gained mutation: You are partially covered in sharp spines.
                  | [demonic ancestry]
  8772 | D:6      | Reached XP level 8. HP: 55/57 MP: 12/12
  9237 | D:6      | Found a sacrificial altar of Ru.
  9938 | D:7      | Found a shadowy altar of Dithmenos.
  9938 | D:7      | Noticed Pikel
 10161 | D:7      | Killed Pikel
 10162 | D:7      | Reached skill level 5 in Fighting
 10162 | D:7      | Reached skill level 5 in Dodging
 10162 | D:7      | Gained mutation: You have an extremely huge brain. (Int +4)
                  | [demonic ancestry]
 10162 | D:7      | Reached XP level 9. HP: 30/68 MP: 13/13
 10401 | D:6      | Reached skill level 5 in Unarmed Combat
 10971 | D:7      | Found a hazy altar of Hepliaklqana.
 11150 | D:7      | Learned a level 1 spell: Beastly Appendage
 11215 | D:6      | Found a shimmering blue altar of Sif Muna.
 12017 | D:7      | Found Qiokk's General Store.
 12020 | D:7      | Bought a scroll of blinking for 120 gold pieces
 12240 | D:7      | Found an opulent altar of Gozag.
 12318 | D:8      | Found a flagged portal.
 12532 | D:7      | Learned a level 4 spell: Olgreb's Toxic Radiance
 12645 | D:8      | Gained mutation: You have claws for hands. [demonic
                  | ancestry]
 12645 | D:8      | Reached XP level 10. HP: 76/76 MP: 14/14
 12938 | Bailey   | Entered a bailey
 13090 | Bailey   | Slain by an orc warrior

Illustrated notes

Levels and vault maps discovered:
D:1:      dpeg_arrival_arbitrary_a, layout_basic
D:2:      layout_basic, nicolae_overflow_crystal_walls, minmay_ruptured
D:3:      layout_loops_ring, uniq_ijyb
D:4:      layout_rooms, minmay_temple_entry_enclosed_plants
D:5:      layout_basic
D:6:      layout_rooms, elyvilon_altar_5, nicolae_overflow_hidden_temple,
          nicolae_ru_awakened_eye
D:7:      layout_loops_ring, nicolae_gozag_cash_rules_everything_around_me,
          grunt_dithmenos_smoke, nzn_hepliaklqana_mist_gate, serial_shops,
          nicolae_shop_trees, uniq_pikel
D:8:      layout_loops_ring, makhleb_altar_promises_db,
          minmay_overflow_temple_star_hex, dpeg_oklobed_lair, serial_shops,
          nicolae_shop_temple_entry_statues_fountains, enter_bailey_2,
          kennysheep_small_square, uniq_maggie, uniq_grum, uniq_prince_ribbit1
Temple:   nicolae_temple_figure_zero
Bailey:   bailey_polearm_4, bailey

Skill      XL: |  1  2  3  4  5  6  7  8  9 10 |
---------------+-------------------------------+-----
Poison Magic   | 4 5 6 |  6.8
Conjurations   | 1 |  1.4
Air Magic      | 1 2 |  2.0
Spellcasting   | 3 |  3.2
Fighting       | 2 5 6 |  6.0
Dodging        | 3 5 7 |  7.8
Unarmed Combat | 2 4 6 7 |  7.5
Stealth        | |  1.7
Transmutations | |  0.8

Action                   |  1- 3 |  4- 6 |  7- 9 | 10-12 || total
-------------------------+-------+-------+-------+-------++-------
Melee: Unarmed           |     2 |       |   121 |    29 ||   152
       Dagger            |    21 |    29 |   209 |       ||   259
       Short sword       |     1 |       |       |       ||     1
       Punch             |       |       |     8 |       ||     8
 Cast: Sting             |    68 |    92 |   126 |     8 ||   294
       Poisonous Vapours |     2 |    17 |    13 |     2 ||    34
       Mephitic Cloud    |       |     1 |     6 |       ||     7
       Olgreb's Toxic Ra |       |       |     2 |     5 ||     7
Evoke: Wand              |       |       |    17 |       ||    17
  Use: Scroll            |       |    10 |    10 |       ||    20
       Potion            |       |     2 |     6 |     2 ||    10
 Stab: Sleeping          |     2 |     2 |     3 |       ||     7
       Confused          |       |       |     5 |       ||     5
Armor: Robe              |    13 |    18 |    42 |     1 ||    74
       Skin              |       |       |    31 |       ||    31
Dodge: Dodged            |    47 |    70 |   326 |    14 ||   457
